 Dungeon Sprint DCSS version 0.18.1-5-g4a78601 (webtiles) character file.

354 IcyTea the Carver (level 6, -1/70 HPs)
             Began as a Demonspawn Berserker on May 14, 2016.
             Was an Elder of Trog.
             Slain by a tengu warrior
             ... wielding a +4 long sword
              (8 damage)
             ... in the Dungeon (Sprint IX: "|||||||||||||||||||||||||||||").
             The game lasted 00:03:03 (482 turns).

IcyTea the Carver (Demonspawn Berserker)             Turns: 482, Time: 00:03:04

Health: -1/70      AC: 12    Str: 27    XL:     6   Next: 35%
Magic:  6/6        EV:  9    Int:  9    God:    Trog [****..]
Gold:   0          SH:  0    Dex: 15    Spells: 0 memorised, 5 levels left

rFire  . . .     SeeInvis .     a - +0 falchion
rCold  . . .     Gourm    .     o - +1 chain mail
rNeg   . . .     Faith    .     (no shield)
rPois  .         Spirit   .     (no helmet)
rElec  .         Dismiss  .     n - +0 cloak
rCorr  .         Reflect  .     (no gloves)
SustAt .         Harm     .     j - +0 pair of boots
MR     .....     NoTele   +     (no amulet)
Stlth  ..........               p - +3 ring of dexterity
                                b - +3 ring of strength

@: berserking, very quick, not resistant to hostile enchantments, extremely
unstealthy
A: icy blue scales 1
a: Berserk, Trog's Hand, Brothers in Arms, Burn Spellbooks, Renounce Religion


You were in the Dungeon.
You worshipped Trog.
Trog was greatly pleased with you.
You were not hungry.

You visited 1 branch

Inventory:

Hand Weapons
 a - a +0 falchion (weapon)
Armour
 j - a +0 pair of boots (worn)
 n - a +0 cloak (worn)
 o - a +1 chain mail (worn)
Jewellery
 b - a +3 ring of strength (left hand)
 p - a +3 ring of dexterity (right hand)
Wands
 m - a wand of lightning (7/15)
Scrolls
 i - 2 scrolls of blinking
 l - 3 scrolls of remove curse
Potions
 d - 5 potions of curing
 e - 3 potions of heal wounds
 f - a potion of haste
 g - 4 potions of magic
 h - a potion of berserk rage
 k - a potion of invisibility
Comestibles
 c - a bread ration
 q - 2 chunks of flesh


   Skills:
 - Level 3.0 Fighting
 + Level 12.4 Long Blades
 - Level 1.7 Armour
 - Level 1.7 Dodging


You had 5 spell levels left.
You didn't know any spells.

Dungeon Overview and Level Annotations

Branches:
Dungeon (1/1)

Altars:
Cheibriados
Dithmenos
Elyvilon
Fedhas
Gozag
Kikubaaqudgha
Makhleb
Nemelex Xobeh
Okawaru
Pakellas
Qazlal
Ru
Sif Muna
Trog
Vehumet
Xom
Yredelemnul
Zin
The Shining One
Beogh
Jiyva
Lugonu


Innate Abilities, Weirdness & Mutations

You are partially covered in icy blue scales (AC +1).


Message History

Your experience leads to an increase in your attributes!
Your base attributes are Str 18, Int 9, Dex 12.
Increase (S)trength, (I)ntelligence, or (D)exterity?
You feel stronger.
You miss the tengu warrior.
The tengu warrior is moderately wounded.
The tengu warrior hits you with an enchanted long sword!
* * * LOW HITPOINT WARNING * * *
The tengu warrior pecks you.
* * * LOW HITPOINT WARNING * * *
The tengu warrior claws you but does no damage.
The crimson imp hits you but does no damage.
You hit the tengu warrior but do no damage.
The tengu warrior is moderately wounded.
Your ogre misses the tengu warrior. You miss the tengu warrior.
The tengu warrior is moderately wounded.
The crimson imp blinks!
The tengu warrior hits you with an enchanted long sword!
You die... ▓▓▓▓▓▓▓▓▓▓▓▓▓▓▓▓▓▓▓▓▓▓▓▓ '.?|)..[..).)..5@QOeZC.. ▓▓▓▓▓▓▓▓▓▓▓▓▓▓▓▓▓▓▓▓▓▓▓▓

You could see a tengu warrior, a cyclops, a deep elf mage, a crimson imp, a bat zombie and a friendly ogre (berserk).

Vanquished Creatures
  A centaur (D)
  An orc wizard (D)
  A worker ant (D)
  A shadow imp (D)
  An ooze (D)
  A giant gecko (D)
  An orc (D)
  A bat zombie (D)
  3 goblins (D)
  A hobgoblin (D)
  3 quokkas (D)
  A giant newt (D)
16 creatures vanquished.

Vanquished Creatures (collateral kills)
  A cyclops (D)
1 creature vanquished.

Grand Total: 17 creatures vanquished

Notes
Turn   | Place    | Note
--------------------------------------------------------------
     0 | D        | IcyTea the Demonspawn Berserker began the quest for the Orb.
     0 | D        | Reached XP level 1. HP: 18/18 MP: 1/1
     6 | D        | Reached skill level 3 in Long Blades
     8 | D        | Banished a spatial maelstrom
     9 | D        | Reached ** piety under Trog
    12 | D        | Reached skill level 4 in Long Blades
    37 | D        | Reached *** piety under Trog
    37 | D        | Gained mutation: You are partially covered in icy blue scales (AC +1). [demonic ancestry]
    37 | D        | Reached XP level 2. HP: 16/24 MP: 2/2
    39 | D        | Reached skill level 5 in Long Blades
   231 | D        | Found a glowing silver altar of Zin.
   231 | D        | Found a glowing golden altar of the Shining One.
   231 | D        | Found an ancient bone altar of Kikubaaqudgha.
   231 | D        | Found a basalt altar of Yredelemnul.
   231 | D        | Found a shimmering altar of Xom.
   231 | D        | Found a radiant altar of Vehumet.
   232 | D        | Found an iron altar of Okawaru.
   233 | D        | Found a burning altar of Makhleb.
   234 | D        | Found a deep blue altar of Sif Muna.
   235 | D        | Found a bloodstained altar of Trog.
   236 | D        | Found a sparkling altar of Nemelex Xobeh.
   237 | D        | Found a white marble altar of Elyvilon.
   238 | D        | Found a roughly hewn altar of Beogh.
   239 | D        | Found a viscous altar of Jiyva.
   240 | D        | Found a corrupted altar of Lugonu.
   241 | D        | Found a blossoming altar of Fedhas.
   242 | D        | Found a snail-covered altar of Cheibriados.
   243 | D        | Found a shadowy altar of Dithmenos.
   244 | D        | Found a stormy altar of Qazlal.
   245 | D        | Found an opulent altar of Gozag.
   246 | D        | Found a sacrificial altar of Ru.
   247 | D        | Found an oddly glowing altar of Pakellas.
   299 | D        | Noticed a centaur
   302 | D        | Reached **** piety under Trog
   304 | D        | Killed a centaur
   304 | D        | Reached skill level 8 in Long Blades
   304 | D        | Reached XP level 3. HP: 29/29 MP: 3/3
   304 | D        | Reached XP level 4. HP: 35/35 MP: 4/4
   311 | D        | Reached skill level 9 in Long Blades
   313 | D        | Reached ***** piety under Trog
   322 | D        | Received a gift from Trog
   322 | D        | Reached XP level 5. HP: 24/41 MP: 5/5
   474 | D        | Noticed a tengu warrior
   474 | D        | Noticed a cyclops
   474 | D        | Noticed a deep elf mage
   474 | D        | Noticed a cyclops
   479 | D        | Killed a cyclops
   479 | D        | Reached skill level 12 in Long Blades
   479 | D        | Reached XP level 6. HP: 25/47 MP: 6/6
   482 | D        | Slain by a tengu warrior

Skill      XL: |  1  2  3  4  5 |
---------------+----------------+-----
Long Blades    | 4 8 9 12 | 12.4
Fighting       | |  3.0
Armour         | |  1.7
Dodging        | |  1.7

Action                   |  1- 3 |  4- 6 || total
-------------------------+-------+-------++-------
Melee: Falchion          |    31 |    21 ||    52
Invok: Berserk           |     1 |     1 ||     2
       Brothers in Arms  |       |     1 ||     1
Armor: Animal skin       |     3 |       ||     3
       Chain mail        |     2 |    12 ||    14
Dodge: Dodged            |    15 |     7 ||    22
